NYP
VERMONT LAKE MONSTERS @ CHICAGO (NYP) WHITE SOX
09/19/2047
 
TOP OF THE 1ST
Vermont Lake Monsters batting - Pitching for Chicago (NYP) White Sox : LHP Bobby Dahlgren
Pitching: LHP Bobby Dahlgren
Batting: RHB Franklin Salazar 0-0: Called Strike
0-1: Foul Ball, location: 2F
0-2: Ball
1-2: Foul Ball, location: 2F
1-2: Foul Ball, location: 2F
1-2: Foul Ball, location: 2F
1-2: Ball
2-2: Ground out 6-3 (Groundball, 6, EV 82.5 MPH)
Batting: RHB Larry Clark 0-0: Called Strike
0-1: SINGLE (Groundball, 34, EV 101.9 MPH)
Batting: LHB Alejandro Muniz 0-0: Called Strike
0-1: Called Strike
0-2: Foul Ball, location: 2F
0-2: SINGLE (Line Drive, 78S, EV 108.8 MPH)
Larry Clark to second
Batting: RHB David Herrera 0-0: Ball
Larry Clark steals 3rd base
1-0: Foul Ball, location: 2F
1-1: Ball
2-1: Fly out, F3 (Line Drive, 3, EV 77.5 MPH)
Batting: RHB Walt Alaniz 0-0: Foul Ball, location: 2F
0-1: Foul Ball, location: 2F
0-2: Ball
1-2: SINGLE (Groundball, 6D, EV 98.8 MPH)
Larry Clark scores
Alejandro Muniz to second
Batting: RHB Chris Temple 0-0: Called Strike
0-1: Foul Ball, location: 2F
0-2: Foul Ball, location: 2F
0-2: Ball
Wild Pitch!
Alejandro Muniz to third
Walt Alaniz to second
1-2: Ball
2-2: Ball
3-2: Ground out U3 (Groundball, 3, EV 88.1 MPH)
Top of the 1st over - 1 run, 3 hits, 0 errors, 2 left on base; Vermont 1 - Chicago (NYP) 0
BOTTOM OF THE 1ST
Chicago (NYP) White Sox batting - Pitching for Vermont Lake Monsters : RHP Isaiah Felton
Pitching: RHP Isaiah Felton
Batting: SHB Tomas Caldera 0-0: Ball
1-0: Ball
2-0: Ball
3-0: Ground out 6-3 (Groundball, 6, EV 86.2 MPH)
Batting: RHB Ethan McCullough 0-0: Ball
1-0: Ground out U3 (Groundball, 34, EV 86.9 MPH)
Batting: RHB Tony Garcia 0-0: Ball
1-0: Fly out, F7 (Flyball, 7D, EV 86.2 MPH)
Bottom of the 1st over - 0 runs, 0 hits, 0 errors, 0 left on base; Vermont 1 - Chicago (NYP) 0
TOP OF THE 2ND
Vermont Lake Monsters batting - Pitching for Chicago (NYP) White Sox : LHP Bobby Dahlgren
Batting: RHB Min-chin Yi 0-0: Fly out, F8 (Flyball, 8LD, EV 90.6 MPH)
Batting: LHB Felipe Gomez 0-0: Ball
1-0: SINGLE (Groundball, 3S, EV 61.9 MPH) (infield hit)
Batting: RHB Tim Anderson 0-0: Ball
1-0: Called Strike
Felipe Gomez is caught stealing 2nd base 2-4
1-1: Ball
2-1: Swinging Strike
2-2: Ground out 6-3 (Groundball, 6, EV 85.6 MPH)
Top of the 2nd over - 0 runs, 1 hit, 0 errors, 0 left on base; Vermont 1 - Chicago (NYP) 0
BOTTOM OF THE 2ND
Chicago (NYP) White Sox batting - Pitching for Vermont Lake Monsters : RHP Isaiah Felton
Batting: RHB Armando Vazquez 0-0: Ground out 6-3 (Groundball, 6, EV 105.6 MPH)
Batting: SHB Manny Berrones 0-0: Ball
1-0: Called Strike
1-1: Ground out 6-3 (Groundball, 6M, EV 89.4 MPH)
Batting: RHB Kyle Morse 0-0: Ball
1-0: Swinging Strike
1-1: Ball
2-1: Ball
3-1: Base on Balls
Batting: LHB Steve Roepke 0-0: Fly out, F9 (Flyball, 89M, EV 89.4 MPH)
Bottom of the 2nd over - 0 runs, 0 hits, 0 errors, 1 left on base; Vermont 1 - Chicago (NYP) 0
TOP OF THE 3RD
Vermont Lake Monsters batting - Pitching for Chicago (NYP) White Sox : LHP Bobby Dahlgren
Batting: RHB Franklin Salazar 0-0: Foul Ball, location: 2F
0-1: Ball
1-1: Fly out, F8 (Flyball, 8RD, EV 99.4 MPH)
Batting: RHB Larry Clark 0-0: Called Strike
0-1: Foul Ball, location: 2F
0-2: Ball
1-2: Ball
2-2: SINGLE (Line Drive, 7LS, EV 95.6 MPH)
Batting: LHB Alejandro Muniz Pickoff Play to 1st, Runner tries for 2nd, OUT after rundown.
0-0: Foul Ball, location: 2F
0-1: Ball
1-1: Swinging Strike
1-2: Foul Ball, location: 2F
1-2: Foul Ball, location: 2F
1-2: Foul Ball, location: 2F
1-2: Foul Ball, location: 2F
1-2: Foul Ball, location: 2F
1-2: Ball
2-2: Foul Ball, location: 2F
2-2: Ball
3-2: Ground out 6-3 (Groundball, 6M, EV 100.6 MPH)
Top of the 3rd over - 0 runs, 1 hit, 0 errors, 0 left on base; Vermont 1 - Chicago (NYP) 0
BOTTOM OF THE 3RD
Chicago (NYP) White Sox batting - Pitching for Vermont Lake Monsters : RHP Isaiah Felton
Batting: RHB Kunimatsu Oya 0-0: Called Strike
0-1: Ground out 5-3 (Groundball, 5S, EV 80.6 MPH)
Batting: RHB Eduardo Calderon 0-0: Ball
1-0: Called Strike
1-1: Ball
2-1: Ball
3-1: Called Strike
3-2: Fly out, F6 (Popup, 6, EV 74.4 MPH)
Batting: SHB Tomas Caldera 0-0: Called Strike
0-1: Swinging Strike
0-2: Ball
1-2: Ball
2-2: Ball
3-2: Base on Balls
Batting: RHB Ethan McCullough 0-0: Ball
1-0: Foul Ball, location: 2F
1-1: Foul Ball, location: 2F
1-2: Strikes out looking
Bottom of the 3rd over - 0 runs, 0 hits, 0 errors, 1 left on base; Vermont 1 - Chicago (NYP) 0
TOP OF THE 4TH
Vermont Lake Monsters batting - Pitching for Chicago (NYP) White Sox : LHP Bobby Dahlgren
Batting: RHB David Herrera 0-0: Called Strike
0-1: Ball
1-1: Foul Ball, location: 2F
1-2: Ground out 6-3 (Groundball, 6M, EV 85.6 MPH)
Batting: RHB Walt Alaniz 0-0: Foul Ball, location: 2F
0-1: SINGLE (Groundball, 4MD, EV 96.9 MPH)
Batting: RHB Chris Temple 0-0: Called Strike
0-1: Ball
1-1: Called Strike
1-2: Fly out, F9 (Flyball, 9D, EV 108.1 MPH)
Batting: RHB Min-chin Yi 0-0: Swinging Strike
0-1: Ball
1-1: Ball
2-1: Called Strike
2-2: Ball
3-2: Base on Balls
Walt Alaniz to second
Batting: LHB Felipe Gomez 0-0: Foul Ball, location: 2F
0-1: Called Strike
0-2: Ball
1-2: SINGLE (Flyball, 89S, EV 93.1 MPH)
Walt Alaniz to third
Min-chin Yi to second
Runner from 3rd tries for Home, SAFE, throw by RF to home
Batting: RHB Tim Anderson 0-0: Ground out 5-3 (Groundball, 56S, EV 89.4 MPH)
Top of the 4th over - 1 run, 2 hits, 0 errors, 2 left on base; Vermont 2 - Chicago (NYP) 0
BOTTOM OF THE 4TH
Chicago (NYP) White Sox batting - Pitching for Vermont Lake Monsters : RHP Isaiah Felton
Batting: RHB Tony Garcia 0-0: Ball
1-0: Foul Ball, location: 2F
1-1: Ball
2-1: Foul Ball, location: 2F
2-2: Ground out 6-3 (Groundball, 6, EV 83.8 MPH)
Batting: RHB Armando Vazquez 0-0: Called Strike
0-1: Ball
1-1: Ball
2-1: Swinging Strike
2-2: Ball
3-2: Base on Balls
Batting: SHB Manny Berrones 0-0: Called Strike
0-1: Fielders Choice at 2nd, 5-4 (Groundball, 56, EV 107.5 MPH)
Batting: RHB Kyle Morse 0-0: Called Strike
0-1: Ball
1-1: Swinging Strike
1-2: Foul Ball, location: 2F
1-2: Foul Ball, location: 2F
1-2: Strikes out swinging
Bottom of the 4th over - 0 runs, 0 hits, 0 errors, 1 left on base; Vermont 2 - Chicago (NYP) 0
TOP OF THE 5TH
Vermont Lake Monsters batting - Pitching for Chicago (NYP) White Sox : LHP Bobby Dahlgren
Batting: RHB Franklin Salazar 0-0: Ball
1-0: Foul Ball, location: 2F
1-1: Ball
2-1: Ball
3-1: Swinging Strike
3-2: Fly out, F8 (Line Drive, 8RM, EV 95.6 MPH)
Batting: RHB Larry Clark 0-0: Called Strike
0-1: Ball
1-1: Ball
2-1: Ground out 6-3 (Groundball, 6, EV 110.0 MPH)
Batting: LHB Alejandro Muniz 0-0: Ball
1-0: Called Strike
1-1: Ball
2-1: Called Strike
2-2: Foul Ball, location: 2F
2-2: Ground out 5-3 (Groundball, 56S, EV 68.1 MPH)
Top of the 5th over - 0 runs, 0 hits, 0 errors, 0 left on base; Vermont 2 - Chicago (NYP) 0
BOTTOM OF THE 5TH
Chicago (NYP) White Sox batting - Pitching for Vermont Lake Monsters : RHP Isaiah Felton
Batting: LHB Steve Roepke 0-0: Called Strike
0-1: Swinging Strike
0-2: Strikes out swinging
Batting: RHB Kunimatsu Oya 0-0: Called Strike
0-1: Ball
1-1: Ball
2-1: Ball
3-1: Swinging Strike
3-2: Foul Ball, location: 2F
3-2: Foul Ball, location: 2F
3-2: Base on Balls
Batting: RHB Eduardo Calderon 0-0: Ball
1-0: Ball
2-0: Ball
3-0: Called Strike
3-1: Foul Ball, location: 2F
3-2: Grounds into double play, 4-6-3 (Groundball, 4, EV 88.8 MPH)
Bottom of the 5th over - 0 runs, 0 hits, 0 errors, 0 left on base; Vermont 2 - Chicago (NYP) 0
TOP OF THE 6TH
Vermont Lake Monsters batting - Pitching for Chicago (NYP) White Sox : LHP Bobby Dahlgren
Batting: RHB David Herrera 0-0: Ball
1-0: SINGLE (Groundball, 6MD, EV 98.8 MPH)
Batting: RHB Walt Alaniz 0-0: Ball
1-0: Swinging Strike
Pickoff Throw to First - Out! 1-3
1-1: Called Strike
1-2: Strikes out swinging
Batting: RHB Chris Temple 0-0: Ball
1-0: Reached via error on a dropped throw from SS, E3 (Groundball, 6MD, EV 106.2 MPH)
Batting: RHB Min-chin Yi 0-0: Ball
1-0: Called Strike
1-1: Ball
2-1: Foul Ball, location: 2F
2-2: Fielders Choice at 2nd, 6-4 (Groundball, 6, EV 86.9 MPH)
Top of the 6th over - 0 runs, 1 hit, 1 error, 1 left on base; Vermont 2 - Chicago (NYP) 0
BOTTOM OF THE 6TH
Chicago (NYP) White Sox batting - Pitching for Vermont Lake Monsters : RHP Isaiah Felton
Batting: SHB Tomas Caldera 0-0: Ball
1-0: Called Strike
1-1: Ball
2-1: Ball
3-1: Swinging Strike
3-2: Strikes out swinging
Batting: RHB Ethan McCullough 0-0: Ball
1-0: Called Strike
1-1: Ball
2-1: Called Strike
2-2: Ball
3-2: Base on Balls
Batting: RHB Tony Garcia 0-0: Ball
Passed Ball!
Ethan McCullough to second
1-0: Called Strike
1-1: Ball
2-1: Swinging Strike
2-2: Foul Ball, location: 2F
2-2: Foul Ball, location: 2F
2-2: Ball
3-2: Ground out 1-3 (Groundball, 13S, EV 62.5 MPH)
Ethan McCullough to third
Batting: RHB Armando Vazquez 0-0: Called Strike
0-1: Foul Ball, location: 2F
0-2: Ball
1-2: Ball
2-2: SINGLE (Flyball, 8LS, EV 86.9 MPH)
Ethan McCullough scores
Pitching: RHP Joey Morrison
Batting: SHB Manny Berrones 0-0: Ball
Armando Vazquez steals 2nd base
1-0: Called Strike
1-1: Ball
2-1: Foul Ball, location: 2F
2-2: TRIPLE (Line Drive, 7LD, EV 112.5 MPH)
Armando Vazquez scores
Pinch Hitting: LHB Adam Tarbutton 0-0: Called Strike
0-1: TRIPLE (Line Drive, 9LD, EV 110.0 MPH)
Manny Berrones scores
Batting: LHB Steve Roepke 0-0: Swinging Strike
0-1: Called Strike
0-2: Ball
1-2: Strikes out looking
Bottom of the 6th over - 3 runs, 3 hits, 0 errors, 1 left on base; Vermont 2 - Chicago (NYP) 3
TOP OF THE 7TH
Vermont Lake Monsters batting - Pitching for Chicago (NYP) White Sox : LHP Bobby Dahlgren
Pitching: LHP Dan Clausing
Now in LF: Adam Tarbutton
Pinch Hitting: RHB Jon Coleman 0-0: Ball
1-0: Ball
2-0: Foul Ball, location: 2F
2-1: Called Strike
2-2: Foul Ball, location: 2F
2-2: Strikes out swinging
Batting: RHB Tim Anderson 0-0: Called Strike
0-1: Ball
1-1: Ball
2-1: Swinging Strike
2-2: Foul Ball, location: 2F
2-2: Ball
3-2: Strikes out swinging
Batting: RHB Franklin Salazar 0-0: Called Strike
0-1: Ball
1-1: Ball
2-1: Ball
3-1: Foul Ball, location: 2F
3-2: Base on Balls
Batting: RHB Larry Clark 0-0: Ball
Franklin Salazar steals 2nd base
1-0: Called Strike
1-1: Ground out 6-3 (Groundball, 6, EV 90.6 MPH)
Top of the 7th over - 0 runs, 0 hits, 0 errors, 1 left on base; Vermont 2 - Chicago (NYP) 3
BOTTOM OF THE 7TH
Chicago (NYP) White Sox batting - Pitching for Vermont Lake Monsters : RHP Joey Morrison
Now in LF: Jon Coleman
Now in CF: Min-chin Yi
Batting: RHB Kunimatsu Oya 0-0: Swinging Strike
0-1: Foul Ball, location: 2F
0-2: Ball
1-2: Foul Ball, location: 2F
1-2: Strikes out swinging
Batting: RHB Eduardo Calderon 0-0: Called Strike
0-1: DOUBLE (Flyball, 89XD, EV 110.0 MPH)
Batting: SHB Tomas Caldera 0-0: Ball
1-0: Ball
2-0: Ball
3-0: Called Strike
3-1: Foul Ball, location: 2F
3-2: Strikes out swinging
Batting: RHB Ethan McCullough 0-0: Swinging Strike
0-1: Ball
1-1: Ground out 5-3 (Groundball, 5, EV 81.9 MPH)
Bottom of the 7th over - 0 runs, 1 hit, 0 errors, 1 left on base; Vermont 2 - Chicago (NYP) 3
TOP OF THE 8TH
Vermont Lake Monsters batting - Pitching for Chicago (NYP) White Sox : LHP Dan Clausing
Batting: LHB Alejandro Muniz 0-0: Ball
1-0: Foul Ball, location: 2F
1-1: Swinging Strike
1-2: Foul Ball, location: 2F
1-2: Ball
2-2: SINGLE (Flyball, 34D, EV 84.4 MPH)
Pitching: LHP Matt Schwartz
Batting: RHB David Herrera 0-0: Called Strike
0-1: Foul Ball, location: 2F
0-2: SINGLE (Line Drive, 3D, EV 110.0 MPH)
Alejandro Muniz to second
Batting: RHB Walt Alaniz 0-0: Called Strike
0-1: Ball
1-1: Foul Ball, location: 2F
1-2: Foul Ball, location: 2F
1-2: Ball
2-2: Strikes out swinging
Batting: RHB Chris Temple 0-0: Ball
1-0: Grounds into double play, 4-6-3 (Groundball, 4, EV 88.1 MPH)
Top of the 8th over - 0 runs, 2 hits, 0 errors, 1 left on base; Vermont 2 - Chicago (NYP) 3
BOTTOM OF THE 8TH
Chicago (NYP) White Sox batting - Pitching for Vermont Lake Monsters : RHP Joey Morrison
Batting: RHB Tony Garcia 0-0: Called Strike
0-1: Ball
1-1: Foul Ball, location: 2F
1-2: Fly out, F5 (Popup, 56, EV 75.6 MPH)
Batting: RHB Armando Vazquez 0-0: Foul Ball, location: 2F
0-1: Foul Ball, location: 2F
0-2: Foul Ball, location: 2F
0-2: Ball
1-2: Foul Ball, location: 2F
1-2: Strikes out swinging
Batting: SHB Manny Berrones 0-0: Called Strike
0-1: Ball
1-1: Ball
2-1: Ball
3-1: Fly out, F9 (Flyball, 9, EV 91.2 MPH)
Bottom of the 8th over - 0 runs, 0 hits, 0 errors, 0 left on base; Vermont 2 - Chicago (NYP) 3
TOP OF THE 9TH
Vermont Lake Monsters batting - Pitching for Chicago (NYP) White Sox : LHP Matt Schwartz
Pitching: LHP Jonas Jennings
Now at 1B: Olaf Zoeteman
Now in RF: Bastiaan Leenders
Batting: RHB Min-chin Yi 0-0: Ball
1-0: Swinging Strike
1-1: Swinging Strike
1-2: Strikes out swinging
Batting: RHB Jon Coleman 0-0: Foul Ball, location: 2F
0-1: Ball
1-1: Foul Ball, location: 2F
1-2: Foul Ball, location: 2F
1-2: Ball
2-2: Strikes out looking
Batting: RHB Tim Anderson 0-0: Fly out, F8 (Flyball, 8LD, EV 100.6 MPH)
Top of the 9th over - 0 runs, 0 hits, 0 errors, 0 left on base; Vermont 2 - Chicago (NYP) 3
Thursday, December 15th , 2022 - OOTP Baseball 23.9 Build 102